AoeStats
← Dirty Dan

Arena

509199370Analyzed
3v3 RM · 6d ago on Sep 25, 2026· 49m 8s· 6 players
Game mode
Random Map
Map size
Normal (6 player)
Population
200
Speed
Normal
Resources
Standard
Victory
Conquest
Starting age
Dark Age
Ending age
Imperial Age
RankedLock teamsTeams togetherTeam positionsShared explorationLock speedFull tech treeHidden civsTurbo modeCheats
Victory
Defeat
🇨🇦 Saxons · Canada
1131
+14
🇦🇷 Franks · Argentina
1111
+15
🇫🇷 Mongols · France
1042
+18
🇩🇪 Celts · Germany
1089
-16
🇩🇪 Danes · Germany
1085
-16
🇩🇪 Franks · Germany
1069
-15
schmitz89
12:08 Feudal Age
16:16 Castle Age
14:27 Double-Bit Axe
14:25 Horse Collar
18:01 Bow Saw
17:55 Heavy Plow
18:34 Gold Mining
22:38 Scale Mail Armor
23:57 Loom
24:45 Forging
26:28 Wheelbarrow
31:28 Imperial Age
30:12 Hand Cart
31:31 Fletching
32:39 Pikeman
33:46 Chain Mail Armor
33:40 Heavy Scorpion
36:24 Furor Celtica
35:50 Halberdier
38:04 Siege Engineers
38:22 Ballistics
38:50 Elite Woad Raider
40:49 Capped Ram
43:46 Plate Mail Armor
43:52 Iron Casting
43:48 Siege Ram
Dirty Dan
10:38 Feudal Age
9:03 Loom
15:42 Castle Age
15:24 Double-Bit Axe
16:53 Bow Saw
23:12 Scale Barding Armor
24:00 Husbandry
24:46 Chain Barding Armor
28:36 Forging
31:04 Iron Casting
31:09 Wheelbarrow
30:21 Town Watch
34:30 Imperial Age
35:59 Plate Barding Armor
36:25 Blast Furnace
34:48 Cavalier
35:54 Hand Cart
35:40 Town Patrol
37:38 Fortified Wall
39:00 Chivalry
39:53 Conscription
43:11 Elite Throwing Axeman
44:08 Scale Mail Armor
48:05 Gold Mining
48:17 Pikeman
48:51 Elite Skirmisher
Dagobert
8:12 Loom
9:58 Feudal Age
14:32 Castle Age
27:56 Imperial Age
26:51 Forging
28:28 Squires
29:47 Arson
29:57 Double-Bit Axe
31:44 Conscription
34:05 Gold Mining
36:12 Fletching
36:50 Gambesons
37:26 Elite Skirmisher
38:03 Bodkin Arrow
40:20 Elite Jomsviking
sarfaoui4
10:27 Feudal Age
14:14 Castle Age
12:29 Stone Mining
13:19 Double-Bit Axe
13:43 Loom
15:48 Bow Saw
18:20 Gold Mining
19:37 Fletching
23:49 Horse Collar
28:55 Wheelbarrow
30:04 Ballistics
31:28 Bodkin Arrow
32:32 Gold Shaft Mining
41:13 Imperial Age
Mo-Sacra
10:32 Feudal Age
11:07 Double-Bit Axe
11:04 Horse Collar
15:26 Wheelbarrow
17:43 Castle Age
20:04 Bow Saw
19:56 Heavy Plow
27:30 Gold Mining
27:51 Scale Mail Armor
28:01 Forging
27:42 Fletching
28:56 Squires
28:41 Arson
28:57 Treadmill Crane
29:28 Fortified Wall
29:14 Murder Holes
29:30 Masonry
33:17 Imperial Age
31:09 Hand Cart
30:39 Loom
31:13 Hand Cart
30:44 Town Watch
32:22 Gold Shaft Mining
33:02 Chain Mail Armor
33:22 Iron Casting
32:43 Bodkin Arrow
33:45 Sanctity
34:38 Plate Mail Armor
36:41 Block Printing
36:55 Illumination
36:44 Redemption
35:58 Clerical Recruitment
37:16 Hoardings
37:18 Architecture
36:53 Siege Engineers
37:04 Guilds
37:53 Ballistics
38:34 Chemistry
37:34 Bodkin Arrow
38:04 Conscription
37:11 Shield Wall
37:48 Elite Varangian Guard
39:03 Gambesons
41:42 Elite Hearth Troop
42:34 Bracer
46:28 Man-at-Arms
Tutu®
10:34 Feudal Age
14:36 Castle Age
12:37 Double-Bit Axe
15:35 Bow Saw
16:18 Loom
16:19 Town Watch
27:34 Wheelbarrow
27:21 Gold Mining
27:54 Stone Mining
28:14 Scale Mail Armor
28:08 Fletching
31:34 Imperial Age
29:03 Fletching
30:06 Gold Shaft Mining
29:51 Hand Cart
29:56 Bodkin Arrow
30:40 Scale Mail Armor
31:01 Ballistics
30:22 Treadmill Crane
30:53 Masonry
33:16 Chain Mail Armor
34:12 Chemistry
33:55 Conscription
34:57 Plate Mail Armor
35:25 Forging
35:01 Arson
35:17 Squires
35:37 Town Patrol
35:49 Siege Engineers
36:14 Architecture
37:28 Iron Casting
36:22 Elite Throwing Axeman
37:19 Fortified Wall
37:05 Murder Holes
39:42 Blast Furnace
39:16 Coinage
41:54 Hoardings
41:30 Padded Archer Armor
41:36 Scale Barding Armor
42:14 Guard Tower
42:09 Arrowslits
42:47 Chain Barding Armor
42:43 Leather Archer Armor
43:00 Coinage
42:30 Caravan
47:30 Banking
46:23 Pikeman
46:49 Gambesons
46:24 Man-at-Arms
47:41 Plate Barding Armor
Connection lost

Rejoining the realm…

Still unreachable

The connection could not be restored.

Session expired

The server has moved on; the page needs a fresh start.